Map: Cerulean Fall LE

Players

Josh - Winner!

  • Race: Terran Terran
  • League: Gold
  • Spawn Location: 7:00

Mesrob

  • Race: Terran Terran
  • League: Gold
  • Spawn Location: 1:00

VOD

Have the link to the VOD?

Description

Time

  • Played on: Jan. 14, 2019, 12:34 p.m.
  • Length: 22:42
Show
View Real Time Build Order
Export as new Build Order

Josh Terran - Winner!

Build Orders: Command Center First (CC) 

Get SALT Encoding   

  12  0:06  SCV  
  13  0:17  Supply Depot  
  13  0:18  SCV  
  14  0:31  SCV  
  15  0:43  SCV  
  16  0:55  SCV  
  17  1:17  Command Center  
  16  1:19  SCV  
  17  1:26  Barracks  
  17  1:30  Refinery  
  17  1:31  SCV  
  18  1:37  Refinery  
  18  1:43  SCV  
  19  1:53  Engineering Bay  
  19  1:55  SCV  
  20  2:09  SCV  
  20  2:13  Supply Depot  
  21  2:25  SCV  
  21  2:26  Barracks Reactor  
  22  2:31  Barracks  
  22  2:38  SCV  
  22  2:42  SCV  
  23  2:48  Terran Infantry Weapons Level 1  
  23  2:53  SCV  
  23  2:54  SCV  
  25  3:04  Marine  
  26  3:05  SCV  
  26  3:06  Marine, SCV  
  29  3:19  SCV  
  30  3:21  SCV  
  30  3:23  Marine  
  30  3:24  Marine  
  30  3:25  Barracks Reactor  
  33  3:31  SCV  
  33  3:34  SCV  
  35  3:40  Supply Depot  
  35  3:42  Marine x2  
  35  3:46  SCV x2  
  39  3:55  Barracks  
  39  4:00  Marine x2  
  39  4:02  SCV  
  42  4:04  Marine x2  
  44  4:12  Supply Depot  
  44  4:17  SCV  
  44  4:18  Marine x2  
  44  4:19  SCV  
  44  4:22  Marine x2  
  50  4:31  SCV  
  50  4:36  Marine x2  
  53  4:40  Marine x2  
  53  4:44  Supply Depot  
  55  4:48  Barracks Tech Lab  
  55  4:50  Terran Infantry Armor Level 1  
  55  4:51  SCV  
  56  4:54  Marine x2  
  56  4:55  SCV  
  56  4:57  Marine x2  
  61  5:09  Combat Shield  
  61  5:11  Marauder, Marine  
  61  5:12  Marine  
  65  5:15  Marine x2, Supply Depot  
  65  5:17  SCV  
  68  5:26  Orbital Command  
  68  5:29  Marine x2  
  70  5:36  Marine x2  
  70  5:37  Marauder  
  73  5:58  Command Center  
  73  6:06  Factory  
  73  6:21  SCV  
  74  6:29  SCV  
  75  6:33  SCV  
  75  6:36  Command Center  
  75  6:39  Concussive Shells  
  76  6:40  Marine x2  
  78  6:51  Starport  
  78  6:53  Starport  
  78  6:59  Armory  
  78  7:04  Starport  
  78  7:09  Marine x2, SCV x2  
  78  7:10  Marauder, Refinery  
  78  7:14  Planetary Fortress, Refinery  
  83  7:22  SCV x2  
  82  7:34  SCV x2  
  83  7:46  SCV x2  
  85  7:54  SCV  
  85  7:55  Refinery  
  86  7:58  SCV  
  86  7:59  Starport Tech Lab x3  
  86  8:05  SCV  
  88  8:06  SCV  
  88  8:10  SCV  
  90  8:14  Armory  
  90  8:16  Hi-Sec Auto Tracking, Engineering Bay  
  90  8:17  SCV  
  90  8:18  Terran Ship Weapons Level 1, SCV  
  92  8:20  Banshee x3  
  92  8:22  SCV  
  92  8:24  Cloaking Field  
  102  8:29  SCV  
  102  8:30  SCV  
  104  8:34  SCV  
  104  8:35  Refinery  
  104  8:40  Refinery  
  105  8:41  SCV  
  105  8:42  Refinery, SCV  
  107  8:49  Planetary Fortress  
  107  8:53  SCV  
  108  8:57  SCV  
  108  9:01  Supply Depot  
  108  9:05  Supply Depot  
  108  9:07  Terran Vehicle Weapons Level 1  
  108  9:09  Terran Infantry Weapons Level 2, Supply Depot  
  108  9:14  Supply Depot  
  108  9:16  Supply Depot  
  108  9:20  Supply Depot  
  108  9:23  SCV  
  109  9:28  Terran Infantry Armor Level 2  
  109  9:32  Banshee x3  
  109  9:35  SCV  
  109  9:38  Missile Turret  
  119  9:50  SCV  
  120  9:59  Missile Turret  
  120  10:02  SCV  
  121  10:14  SCV  
  121  10:15  Banshee x3  
  121  10:16  Marine x2  
  121  10:17  Marine x2  
  121  10:21  Supply Depot  
  135  10:26  SCV  
  136  10:30  Missile Turret  
  136  10:34  Marine x4  
  139  10:39  SCV  
  139  10:43  Supply Depot  
  139  10:49  Terran Ship Weapons Level 2  
  139  10:51  Missile Turret, SCV  
  139  10:52  Marine x4  
  139  10:53  Command Center  
  144  10:57  Banshee  
  144  10:58  Factory Tech Lab, Banshee x2  
  144  11:01  Terran Vehicle And Ship Armor Level 1  
  144  11:03  Marauder, SCV  
  156  11:07  Supply Depot  
  156  11:09  Marine  
  156  11:10  Marine x3  
  160  11:12  Missile Turret  
  160  11:15  SCV  
  161  11:19  Siege Tank  
  161  11:25  Marauder  
  166  11:27  Planetary Fortress, Marine  
  166  11:28  Marine x3  
  166  11:31  Supply Depot  
  170  11:35  Missile Turret  
  170  11:40  Banshee x2  
  170  11:41  Banshee  
  170  11:42  Terran Infantry Weapons Level 3  
  170  11:45  Marine  
  180  11:52  Marine x3  
  180  11:53  Marauder, Supply Depot, Siege Tank  
  188  11:59  Supply Depot  
  188  12:00  Terran Infantry Armor Level 3  
  188  12:04  Marine  
  189  12:10  Marine x3  
  189  12:14  Marauder  
  194  12:17  Supply Depot  
  194  12:22  Marine  
  195  12:25  Siege Tank  
  195  12:28  Marine x2  
  200  12:53  Planetary Fortress  
  200  12:58  Terran Vehicle Weapons Level 2  
  200  13:05  Terran Ship Weapons Level 3  
  200  13:13  Sensor Tower  
  168  13:34  Missile Turret  
  104  14:04  Banshee x3  
  113  14:10  Siege Tank  
  116  14:19  Neosteel Armor  
  88  14:35  Marine  
  88  14:36  Marine x3  
  84  14:39  Marauder  
  84  14:42  Siege Tank  
  89  14:47  Banshee x3  
  89  14:51  SCV  
  99  14:53  Marine x3  
  99  14:54  Marine  
  103  15:00  Marauder  
  103  15:03  SCV  
  103  15:05  Command Center  
  106  15:11  Marine x4  
  106  15:12  Factory  
  110  15:14  Siege Tank  
  110  15:15  SCV  
  114  15:22  Marauder, Sensor Tower  
  114  15:27  SCV  
  117  15:29  Marine x4, Banshee  
  117  15:30  Banshee x2  
  127  15:39  SCV  
  124  15:43  Marauder  
  124  15:46  Siege Tank  
  94  16:03  Factory Tech Lab  
  92  16:05  Marauder  
  94  16:12  Banshee x2  
  94  16:13  Banshee  
  104  16:18  Siege Tank  
  104  16:55  Banshee x3  
  113  17:10  Planetary Fortress  
  110  17:18  Thor x2  
  121  17:35  Marine  
  121  17:36  Marine x3  
  124  17:53  Marine, Banshee x3  
  124  17:54  Marine x3  
  124  17:57  Terran Vehicle And Ship Armor Level 2  
  124  17:58  Terran Vehicle Weapons Level 3  
  137  18:05  Refinery  
  137  18:07  Refinery  
  137  18:08  SCV  
  137  18:10  Refinery  
  137  18:11  Marine  
  137  18:12  Marine, Refinery  
  140  18:15  Thor x2  
  152  18:20  SCV  
  152  18:22  Marine  
  152  18:23  Marine  
  152  18:25  Marauder  
  157  18:29  Marine x2  
  157  18:32  SCV  
  161  18:35  Banshee  
  161  18:36  Banshee x2  
  161  18:40  Marine  
  161  18:41  Marine  
  161  18:44  SCV  
  161  18:46  Marauder  
  161  18:47  Marine x2  
  166  18:56  SCV  
  166  18:58  Marine x2  
  166  18:59  Command Center  
  148  19:04  Marine  
  148  19:05  Marine  
  148  19:08  Marauder  
  148  19:16  Marine x2  
  122  19:29  Marauder  
  122  19:35  SCV  
  109  19:48  SCV  
  109  19:49  Banshee x3  
  109  19:50  Marauder  
  121  20:00  SCV  
  122  20:12  SCV  
  122  20:14  Refinery  
  123  20:16  SCV  
  123  20:18  Refinery  
  124  20:24  SCV, Thor  
  124  20:25  Marine x2  
  124  20:26  Marine x2  
  135  20:28  SCV  
  135  20:32  Banshee x3, SCV  
  146  20:36  SCV  
  146  20:40  SCV  
  148  20:43  Marine x4  
  148  20:44  SCV  
  148  20:48  SCV, Thor  
  160  20:53  SCV  
  160  20:56  SCV  
  162  21:00  Marine, SCV  
  162  21:01  Marine x3  
  167  21:05  SCV  
  167  21:08  SCV  
  169  21:12  SCV  
  169  21:14  Banshee  
  173  21:18  Marine  
  173  21:19  Marine x3  
  173  21:20  SCV  
Show
View Real Time Build Order
Export as new Build Order

Mesrob Terran 

Build Orders: Mech 

Get SALT Encoding   

  12  0:00  SCV  
  13  0:12  SCV  
  14  0:17  Supply Depot  
  14  0:25  SCV  
  15  0:39  SCV  
  15  0:41  Barracks  
  16  0:48  Refinery  
  16  0:51  SCV  
  16  1:35  Orbital Command, Command Center  
  16  1:44  Bunker  
  16  1:48  Marine  
  17  2:07  SCV  
  18  2:14  Factory  
  18  2:20  SCV  
  19  2:29  Supply Depot  
  19  2:32  SCV  
  20  2:44  SCV  
  21  2:47  Barracks Tech Lab  
  21  2:52  Supply Depot  
  21  2:55  Orbital Command  
  21  2:56  SCV  
  22  3:04  Refinery  
  22  3:08  SCV  
  22  3:10  Engineering Bay  
  23  3:20  SCV  
  23  3:22  Siege Tank  
  27  3:29  Refinery, Marine  
  28  3:41  Missile Turret  
  28  3:42  Missile Turret  
  28  3:43  SCV  
  28  3:45  SCV  
  30  3:54  Siege Tank  
  33  3:55  SCV  
  33  3:58  SCV  
  35  4:08  SCV  
  35  4:09  Armory  
  36  4:26  Siege Tank  
  39  4:35  SCV  
  39  4:36  SCV  
  41  4:47  SCV  
  41  4:48  SCV  
  43  4:58  Missile Turret, Siege Tank  
  43  4:59  SCV  
  47  5:05  Factory  
  47  5:12  Factory  
  47  5:17  Refinery  
  47  5:18  Supply Depot  
  47  5:21  Command Center  
  47  5:25  Terran Vehicle Weapons Level 1  
  47  5:31  SCV  
  48  5:40  Supply Depot  
  48  6:01  Factory Reactor  
  48  6:02  Factory Tech Lab, Thor  
  54  6:04  Missile Turret  
  54  6:14  SCV  
  54  6:15  SCV  
  56  6:26  SCV  
  56  6:27  Missile Turret, SCV  
  56  6:28  Missile Turret  
  58  6:35  Supply Depot  
  58  6:36  Orbital Command  
  62  6:40  Hellion x2  
  62  6:50  Missile Turret  
  62  7:01  Orbital Command  
  62  7:12  Missile Turret, SCV  
  62  7:13  SCV  
  64  7:17  Missile Turret  
  64  7:21  Missile Turret  
  64  7:24  SCV  
  64  7:25  SCV, Thor  
  64  7:26  Thor  
  78  7:34  Missile Turret  
  76  7:43  Orbital Command  
  75  7:48  Hellion x2  
  79  7:53  Missile Turret  
  79  8:08  Thor  
  79  8:11  Thor  
  91  8:13  Hellbat  
  93  8:20  Missile Turret  
  93  8:34  Supply Depot  
  93  8:41  Supply Depot  
  93  8:56  Hellbat, Hellion, SCV x3  
  93  8:57  Supply Depot  
  100  9:03  Supply Depot  
  100  9:08  SCV  
  101  9:20  Supply Depot, SCV  
  101  9:21  Refinery, Sensor Tower, SCV x2  
  104  9:26  Supply Depot  
  104  9:27  Hellion  
  104  9:28  Hellion, Thor x2  
  120  9:31  Terran Vehicle And Ship Armor Level 1  
  120  9:32  SCV  
  120  9:37  Armory  
  121  9:43  Supply Depot  
  121  9:50  Supply Depot  
  121  9:51  Sensor Tower  
  121  9:59  Hellbat x2  
  125  10:06  Supply Depot  
  125  10:11  Thor  
  125  10:12  Supply Depot  
  131  10:35  Supply Depot  
  131  10:38  Supply Depot  
  131  10:46  Command Center  
  131  10:52  Thor  
  131  10:55  Hellion x2  
  131  10:57  Infernal Pre-Igniter  
  141  10:58  Smart Servos  
  141  11:01  Supply Depot  
  141  11:04  Supply Depot  
  141  11:15  SCV x3  
  144  11:23  Supply Depot  
  144  11:25  Refinery  
  144  11:30  Thor  
  144  11:31  Hellbat x2  
  154  11:38  Factory  
  154  11:40  Factory  
  154  11:42  Factory  
  154  11:43  Terran Vehicle And Ship Armor Level 2  
  154  11:45  Supply Depot  
  152  11:55  Terran Vehicle Weapons Level 2  
  152  12:03  Planetary Fortress  
  152  12:09  Refinery  
  152  12:14  Thor x2  
  164  12:16  Hellbat x2  
  168  12:24  Command Center  
  168  12:25  SCV x2  
  168  12:26  SCV  
  171  12:35  Refinery  
  171  12:37  SCV  
  171  12:43  Factory Reactor  
  172  12:44  Factory Tech Lab x2  
  172  12:52  Factory  
  168  13:32  Thor x3  
  183  13:34  Hellbat x4  
  152  13:58  Missile Turret  
  144  14:03  Missile Turret  
  142  14:22  Missile Turret  
  116  14:32  Thor  
  114  14:42  Missile Turret  
  114  14:43  Factory Reactor  
  114  14:44  Thor  
  114  14:45  Thor  
  126  14:46  Factory  
  126  15:03  Missile Turret  
  126  15:06  Hellbat x2  
  130  15:09  Hellion  
  130  15:10  Hellbat  
  134  15:15  Thor  
  140  15:27  Thor x2  
  140  15:28  Hellbat x2  
  156  15:29  Refinery  
  156  15:31  Hellbat x2  
  122  16:21  Hellion  
  122  16:24  Factory Tech Lab  
  122  16:25  Thor x3  
  131  16:27  Hellbat x3  
  131  16:28  Hellbat x3  
  138  16:50  Missile Turret  
  137  17:07  Hellbat x2  
  137  17:08  Thor x3  
  159  17:11  Hellbat x4  
  159  17:12  Hellbat  
  166  17:32  Thor  
  172  17:58  Thor x3  
  178  18:00  Hellbat  
  192  18:23  Command Center  
  54  19:53  Refinery  
  54  19:57  Refinery  
  54  20:04  SCV x2  
  56  20:16  Thor x2  
  56  20:17  Command Center, Thor x2  
  56  20:19  Hellbat x5  
  90  20:22  Hellbat  
  90  20:24  SCV  
  90  20:26  SCV  
  94  20:40  Hellbat  
  96  20:49  Hellbat x5  
  106  20:56  Refinery  
  106  20:57  Refinery  
  106  20:59  Thor  
  112  21:06  Sensor Tower  
  92  21:55  Thor x2  
  92  21:56  Thor x2  
  92  21:58  Hellbat x2  
Tags
 
Composition
Mech
League
GoldGold
Matchup
TvT
Race
Terran
Replay Pack
sc2 replays
Spawn Locations
Cross Positions
Add a new tag
Caveats
  • Supply blocks, unpowered buildings, or Contaminate may cause inaccurate times.
  • Supply counts are checked every 10 seconds.